Map: Disco Bloodbath LE

Players

TSGSolar (Solar) - Winner!

  • Race: Zerg Zerg
  • League: Diamond
  • Spawn Location: 9:00

LiquidMaNa (MaNa)

  • Race: Protoss Protoss
  • League: Grandmaster
  • Spawn Location: 3:00

Event: HomeStory Cup XX

VOD

https://youtu.be/Z06uO8Puod4?t=1854

Description

Time

  • Played on: Nov. 24, 2019, 5:17 a.m.
  • Length: 4:04

All games in this series

Show
View Real Time Build Order
Export as new Build Order

TSGSolar Zerg - Winner!

Build Orders: Hatch First 

Get SALT Encoding   

  12  0:01  Drone  
  13  0:12  Overlord  
  13  0:16  Drone  
  14  0:30  Drone  
  14  0:31  Drone  
  16  0:48  Hatchery  
  15  0:51  Drone  
  15  0:53  Drone  
  15  0:56  Drone  
  18  1:06  Extractor  
  17  1:12  Spawning Pool  
  17  1:16  Drone  
  17  1:19  Drone  
  18  1:28  Drone  
  19  1:42  Drone  
  19  1:46  Hatchery  
  19  1:49  Drone  
  20  1:59  Queen  
  22  2:02  Zergling x2  
  22  2:05  Drone  
  24  2:13  Metabolic Boost  
  24  2:19  Zergling x4  
  26  2:25  Overlord  
  26  2:33  Zergling x4  
  28  2:41  Baneling Nest  
  28  2:42  Zergling x2  
  28  2:43  Zergling x2  
  29  2:48  Zergling x2  
  30  2:56  Zergling x4  
  32  3:04  Zergling x6  
  35  3:09  Zergling x2  
  35  3:10  Zergling x4  
  38  3:18  Overlord  
  38  3:26  Baneling x5  
  38  3:28  Baneling  
  38  3:29  Zergling x4  
  38  3:34  Zergling x2  
  41  3:39  Baneling  
  41  3:41  Zergling x4  
  43  3:44  Zergling x2  
  43  3:47  Zergling x2  
Show
View Real Time Build Order
Export as new Build Order

LiquidMaNa Protoss 

Build Orders: 1 Gate Expand, Dark Templar Rush 

Get SALT Encoding   

  12  0:00  Probe  
  13  0:12  Probe  
  14  0:17  Pylon  
  14  0:23  Probe  
  15  0:31  Probe  
  16  0:37  Assimilator  
  16  0:39  Probe  
  16  0:46  Gateway  
  17  0:51  Probe  
  18  0:59  Probe  
  19  1:07  Probe  
  20  1:23  Nexus  
  20  1:35  Cybernetics Core  
  20  1:36  Probe  
  21  1:42  Assimilator  
  21  1:48  Probe  
  21  1:52  Pylon  
  22  2:01  Probe  
  23  2:03  Stalker  
  23  2:13  Probe  
  26  2:18  Twilight Council  
  26  2:25  Probe  
  27  2:35  Probe  
  28  2:37  Probe  
  28  2:40  Robotics Facility  
  29  2:45  Adept  
  29  2:47  Probe  
  29  2:51  Probe  
  33  2:59  Probe  
  33  3:03  Probe  
  35  3:09  Dark Shrine  
  35  3:12  Probe  
  36  3:18  Gateway  
  36  3:23  Gateway  
  36  3:26  Warp Prism  
  36  3:27  Gateway  
  37  3:39  Probe  
  39  3:48  Gateway  
Tags
 
Add a new tag
Caveats
  • Supply blocks, unpowered buildings, or Contaminate may cause inaccurate times.
  • Supply counts are checked every 10 seconds.